 Dungeon Crawl Stone Soup version 0.31-a0-765-g67fe2935dc (webtiles) character file.

Game seed: 13530484492946598991

12403 Dirtsage the Grappler (level 11, 0/89 HPs)
             Began as a Demonspawn Berserker on Sept 15, 2023.
             Was a High Priest of Trog.
             Slain by a wolf (9 damage)
             ... on level 1 of the Lair of Beasts.
             The game lasted 00:19:27 (10646 turns).

Dirtsage the Grappler (Demonspawn Berserker)       Turns: 10646, Time: 00:19:27

Health: 0/89       AC:  7    Str: 21    XL:     11   Next: 62%
Magic:  11/11      EV:  9    Int:  8    God:    Trog [*****.]
Gold:   577        SH:  9    Dex: 14    Spells: 10/10 levels left

rFire   . .          .
                       - Unarmed
rCold   + . .        O - +0 kite shield
rNeg    . . .        y - +1 scale mail {rC+}
rPois   .            (helmet currently unavailable)
rElec   .            (cloak currently unavailable)
rCorr   +            (gloves currently unavailable)
SInv    .            (boots currently unavailable)
Will    ++...        (no amulet) Stlth
                     C - ring of resist corrosion
HPRegen 1.34/turn    M - ring of flight
MPRegen 0.12/turn

%: no passive effects
@: beast-form, strong-willed, on berserk cooldown, flying, regenerating, slowed,
very slow
A: beast (slay +4), claws 2, hooves 2, ignite blood 1, weakness stinger 2
a: Begin Untransformation, Renounce Religion, Berserk, Trog's Hand, Brothers in
Arms


You were on level 1 of the Lair of Beasts.
You worshipped Trog.
Trog was extremely pleased with you.
You were a hulking beast.
You visited 3 branches of the dungeon, and saw 12 of its levels.

You collected 665 gold pieces.
You spent 88 gold pieces at shops.

Inventory:

Missiles
 F - 2 throwing nets
 N - a curare-tipped dart
Armour
 b - a +0 chain mail of positive energy
 y - a +1 scale mail of cold resistance (worn)
 A - a scarf of resistance
 O - a +0 kite shield (worn)
Jewellery
 C - a ring of resist corrosion (left claw)
 K - an amulet of faith
 M - a ring of flight (right claw)
Talismans
 h - a beast talisman (active)
Wands
 t - a wand of roots (32)
 B - a wand of flame (31)
 L - a wand of charming (7)
Scrolls
 a - 3 scrolls of revelation {unknown}
 c - 2 scrolls of fog {unknown}
 e - a scroll of brand weapon {unknown}
 f - 5 scrolls of noise
 g - 4 scrolls of enchant armour {unknown}
 i - 6 scrolls of teleportation {unknown}
 p - 5 scrolls of identify {unknown}
 x - 3 scrolls of vulnerability {unknown}
 z - a scroll of fear {unknown}
 D - a scroll of poison {unknown}
 E - a scroll of blinking {unknown}
 G - 3 scrolls of immolation {unknown}
 H - a scroll of amnesia {unknown}
 J - a scroll of enchant weapon {unknown}
Potions
 d - 3 potions of might {unknown}
 j - 2 potions of lignification {unknown}
 k - a potion of ambrosia {unknown}
 l - 3 potions of heal wounds
 m - a potion of cancellation {unknown}
 n - a potion of haste {unknown}
 o - 3 potions of mutation {unknown}
 q - 5 potions of curing
 r - a potion of degeneration {unknown}
 s - 2 potions of enlightenment {unknown}
 u - a potion of magic {unknown}
 v - 5 potions of brilliance {unknown}
 w - 3 potions of attraction {unknown}
 I - a potion of resistance {unknown}


   Skills:
 + Level 9.1 Fighting
 - Level 3.2 Axes
 - Level 1.7 Armour
 - Level 1.7 Dodging
 * Level 3.8 Shields
 * Level 12.4 Unarmed Combat
 - Level 7.0 Shapeshifting


You had 10 spell levels left.
You didn't know any spells.
Your spell library contained the following spells:

 Spells                   Type           Power      Damage    Failure   Level
 Kiss of Death            Conj/Necr      0%         2d5       96%         1
 Necrotise                Necr           0%         1d4       96%         1
 Ensorcelled Hibernation  Hex/Ice        0%         N/A       99%         2
 Passwall                 Tmut/Erth      0%         N/A       99%         2
 Confusing Touch          Hex            0%         N/A       100%        3
 Gell's Gravitas          Tloc           0%         N/A       100%        3
 Ignite Poison            Fire/Tmut/Pois 0%         N/A       100%        3
 Swiftness                Air            0%         N/A       100%        3
 Teleport Other           Tloc           0%         N/A       100%        3
 Vampiric Draining        Necr           0%         2d6       100%        3
 Dispel Undead            Necr           0%         3d6       100%        4
 Sticky Flame             Conj/Fire      0%         2d3       100%        4
 Agony                    Necr           0%         N/A       100%        5
 Dispersal                Tloc           0%         N/A       100%        6
 Ignition                 Fire           0%         3d3       100%        8


Dungeon Overview and Level Annotations

Branches:
Dungeon (10/15)            Temple (1/1) D:6            Lair (1/5) D:10
    Orc: D:9-12

Altars:
Ashenzari
Cheibriados
Dithmenos
Fedhas
Gozag
Hepliaklqana
Kikubaaqudgha
Makhleb
Nemelex Xobeh
Okawaru
Qazlal
Ru
Sif Muna
Trog
Uskayaw
Vehumet
Wu Jian
Xom
Yredelemnul

Shops:
D:1 *   D:2 [!::   D:4 =   D:5 (   D:8 *

Annotations:
D:10 1 runed translucent door


Innate Abilities, Weirdness & Mutations

You are a hulking beast.
Your limbs bulge with bestial killing power. (Slay +4)
You have very sharp fingernails.
You have hoof-like feet.
Your demonic aura sometimes causes spilled blood to erupt in flames.
You have a tail ending in a sharp stinger.


Message History

The cane toad is severely wounded.
The cane toad stings you!!
* * * LOW HITPOINT WARNING * * *
You take 20 damage, and have 24/89 hp.
MASSIVE DAMAGE!!
You closely miss the cane toad.
The cane toad is severely wounded.
You block the cane toad's attack.
You scratch the cane toad.
The cane toad is severely wounded.
The cane toad stings you!!
* * * LOW HITPOINT WARNING * * *
You take 21 damage, and have 3/89 hp.
MASSIVE DAMAGE!!
A red film seems to cover your vision as you go berserk!
You feel yourself moving faster!
You feel mighty! You block the cane toad's attack.
You now have 5/133 hp.
You mangle the cane toad!!
You kill the cane toad!
Trog accepts your kill.
You feel a strong urge to attack something.
You start resting.
You feel your anger nearly subside.
You start resting.
You are no longer berserk.
You are exhausted.
You feel yourself slow down.
You now have 4/89 hp.
You start resting.
A wolf comes into view.
A wolf is nearby!
The wolf howls!
You block the wolf's attack.
Your skin crawls.
You feel strong-willed. The wolf closely misses you. x2
You regained 2 hp, and now have 8/89 hp.
You scratch the wolf. You tail-slap the wolf.
The wolf is heavily wounded.
The wolf closely misses you. The wolf bites you!
You die...

.###................###.#
.........######+##.......
.........................
.......................
..............†.......
.............†......##
.......###+#†#####..#
.......#............#
.##....#......hh....#
................#..#
................#...#
............#.....
.........$..#..#....
............#..##...
..+.........#..# .#.
###.#####.#..# #


You could see a wolf.

Vanquished Creatures
  Erica (D:9)
  Nergalle (D:10)
  Pikel (D:9)
  A black mamba (Lair:1)
  Maurice (D:10)
  A cane toad (Lair:1)
  Maggie (D:9)
  A kobold demonologist (D:10)
  Psyche (D:9)
  A hornet (D:7)
  A shadow (D:9)
  13 yaks
  4 wyverns
  Eustachio (D:6)
  4 vampire mosquitoes (D:10)
  3 steam dragons
  2 water moccasins (Lair:1)
  6 black bears
  5 orc warriors
  2 ice beasts
  2 sky beasts
  5 wolves (Lair:1)
  2 ogres
  4 centaurs
  2 lemures (D:9)
  A phantom (D:4)
  2 gnoll sergeants
  3 bullfrogs
  A kobold brigand (D:9)
  2 scorpions
  9 wights
  13 killer bees
  10 hounds
  2 jellies
  4 orc priests
  A gnoll bouda (D:7)
  Jessica (D:2)
  3 sleepcaps
  2 iguanas
  5 orc wizards
  22 gnolls
  7 adders
  3 white imps
  An ufetubus (D:5)
  4 worms
  2 dart slugs
  31 orcs
  9 endoplasms
  5 giant cockroaches
  4 goblins
  11 hobgoblins
  10 kobolds
  2 quokkas
  10 ball pythons
  2 bats
  A frilled lizard (D:1)
  4 rats
253 creatures vanquished.

Vanquished Creatures (others)
  A kobold (D:3)
1 creature vanquished.

Grand Total: 254 creatures vanquished

Notes
Turn   | Place    | Note
-------+----------+-------------------------------------------
     0 | D:1      | Dirtsage the Demonspawn Berserker began the quest for the
                  | Orb.
     0 | D:1      | Reached XP level 1. HP: 18/18 MP: 1/1
   230 | D:1      | Found Boyshryll's General Store.
   255 | D:1      | Discovered your monstrous ancestry.
   255 | D:1      | Gained mutation: You have large cloven feet. [demonic
                  | ancestry]
   255 | D:1      | Reached XP level 2. HP: 24/24 MP: 2/2
   644 | D:1      | Reached skill level 1 in Unarmed Combat
   907 | D:2      | Reached ** piety under Trog
   943 | D:2      | Found Itokenuf's Book Shop.
   955 | D:2      | Found Keaguumu's Book Emporium.
   960 | D:2      | Reached XP level 3. HP: 28/29 MP: 3/3
  1028 | D:2      | Noticed Jessica
  1034 | D:2      | Killed Jessica
  1035 | D:2      | Reached skill level 2 in Unarmed Combat
  1035 | D:2      | Reached skill level 1 in Shapeshifting
  1202 | D:2      | Found the sphere of Battle
  1210 | D:2      | Reached XP level 4. HP: 28/35 MP: 4/4
  1250 | D:2      | Found Ciwupho's Distillery.
  1271 | D:2      | Bought a potion of heal wounds for 55 gold pieces
  1271 | D:2      | Bought a potion of curing for 33 gold pieces
  1439 | D:2      | Found Henuez's Antique Armour Shop.
  1718 | D:3      | Found a shadowy altar of Dithmenos.
  1878 | D:3      | Reached skill level 3 in Unarmed Combat
  1896 | D:3      | Found a sparkling altar of Nemelex Xobeh.
  1926 | D:3      | Noticed an orc warrior
  1944 | D:3      | Killed an orc warrior
  1945 | D:3      | Gained mutation: You have a small tail. [demonic ancestry]
  1945 | D:3      | Reached XP level 5. HP: 10/41 MP: 5/5
  2130 | D:3      | Reached skill level 4 in Unarmed Combat
  2342 | D:3      | Gained mutation: You have sharp fingernails. [demonic
                  | ancestry]
  2342 | D:3      | Reached XP level 6. HP: 40/47 MP: 6/6
  2443 | D:3      | Found a stormy altar of Qazlal.
  2776 | D:4      | Found Itosoeh's One-of-a-Kind Rings.
  2895 | D:4      | Reached *** piety under Trog
  2896 | D:4      | Reached skill level 5 in Unarmed Combat
  2947 | D:4      | Gained mutation: You have very sharp fingernails. [demonic
                  | ancestry]
  2947 | D:4      | Reached XP level 7. HP: 45/52 MP: 7/7
  3155 | D:4      | Found an ancient bone altar of Kikubaaqudgha.
  3595 | D:5      | Entered Level 5 of the Dungeon
  3910 | D:5      | Found a shimmering altar of Xom.
  3949 | D:5      | Reached skill level 6 in Unarmed Combat
  4197 | D:5      | Found a radiant altar of Vehumet.
  4384 | D:5      | Found Liuje Keud's Firing Range.
  4585 | D:6      | Gained mutation: Your demonic aura sometimes causes spilled
                  | blood to erupt in flames. [demonic ancestry]
  4585 | D:6      | Reached XP level 8. HP: 60/60 MP: 8/8
  4642 | D:6      | Found a staircase to the Ecumenical Temple.
  4655 | Temple   | Entered the Ecumenical Temple
  4803 | D:6      | Reached skill level 7 in Unarmed Combat
  4899 | D:6      | Reached **** piety under Trog
  5129 | D:6      | Noticed Eustachio
  5135 | D:6      | Killed Eustachio
  5136 | D:6      | Reached skill level 5 in Fighting
  5136 | D:6      | Reached skill level 5 in Shapeshifting
  5202 | D:6      | Reached skill level 8 in Unarmed Combat
  5202 | D:6      | Reached XP level 9. HP: 26/68 MP: 9/9
  5346 | D:6      | Found a hazy altar of Hepliaklqana.
  6561 | D:8      | Found Kefusufolin's Elemental Accessories.
  6614 | D:8      | Reached skill level 9 in Unarmed Combat
  7334 | D:9      | Gained mutation: You have hoof-like feet. [demonic
                  | ancestry]
  7334 | D:9      | Reached XP level 10. HP: 77/77 MP: 10/10
  7344 | D:9      | Reached skill level 10 in Unarmed Combat
  7473 | D:9      | Noticed Psyche
  7480 | D:9      | Killed Psyche
  7610 | D:9      | Noticed Erica
  7620 | D:9      | Killed Erica
  7894 | D:9      | Noticed Maggie
  7904 | D:9      | Killed Maggie
  7905 | D:9      | Reached skill level 11 in Unarmed Combat
  7989 | D:9      | Found a bloodstained altar of Trog.
  8215 | D:9      | Noticed Pikel
  8235 | D:9      | Killed Pikel
  8355 | D:9      | Reached ***** piety under Trog
  8579 | D:9      | Gained mutation: You have a tail ending in a sharp stinger.
                  | [demonic ancestry]
  8579 | D:9      | Reached XP level 11. HP: 34/86 MP: 11/11
  8899 | D:10     | Entered Level 10 of the Dungeon
  9197 | D:10     | Found a staircase to the Lair.
  9281 | D:10     | Reached skill level 1 in Shields
  9566 | D:10     | Reached skill level 12 in Unarmed Combat
  9663 | D:10     | Found a snail-covered altar of Cheibriados.
  9807 | D:10     | Found a runed translucent door.
  9814 | D:10     | Found a basalt altar of Yredelemnul.
  9829 | D:10     | Noticed Maurice
  9841 | D:10     | Killed Maurice
  9923 | D:10     | Noticed Nergalle
  9935 | D:10     | Killed Nergalle
 10205 | Lair:1   | Entered Level 1 of the Lair of Beasts
 10634 | Lair:1   | HP: 3/89 [cane toad (22)]
 10646 | Lair:1   | Slain by a wolf

Illustrated notes

Levels and vault maps discovered:
D:1:      scummos_arrival_hexagon, layout_loops_corners, serial_shops, shop,
          minivault_25
D:2:      layout_basic, serial_shops, shop, shop, nicolae_shop_rolling_square,
          shop, uniq_jessica
D:3:      layout_loops_ring, nicolae_qazlal_scattered_showers,
          mainiacjoe_overflow_brackets, mainiacjoe_overflow_24_doors
D:4:      layout_basic, mainiacjoe_overflow_alcove_2, nicolae_shop_unique_rings,
          minmay_close_crescents
D:5:      layout_loops_corners, fiery_altar_vehumet,
          nicolae_overflow_crystal_walls, nicolae_shop_firing_range
D:6:      minmay_recursive_quarters, layout_rooms, lemuel_round_altar,
          temple_hall, kennysheep_cross_bottleneck,
          chequers_serial_rivers_marsh, minmay_statues_item,
          minmay_misc_feat_diagonals, uniq_eustachio
D:7:      layout_rooms, tso_metal_star
D:8:      layout_basic, nicolae_elemental_shop, hex_tiny
D:9:      layout_gridville, trog_ov_bears_minmay, amcnicky_altar_gilded,
          grunt_ministairs_13, minivault_22, uniq_maggie, uniq_psyche,
          uniq_erica, uniq_pikel
D:10:     layout_loops_ring, cheibrodos_worm_habitat, dk_yredelemnul_ordeal,
          david_lair_generic, uniq_nergalle, uniq_maurice
Temple:   chequers_temple_sunken
Lair:1:   layout_regular_city, roderic_batcave, uniq_harold

Skill      XL: |  1  2  3  4  5  6  7  8  9 10 11 |
---------------+----------------------------------+-----
Axes           | 3 |  3.2
Unarmed Combat | 1 2 3 4 5 6 8 9 11 12 | 12.4
Shapeshifting  | 1 2 3 4 5 6 7 |  7.0
Fighting       | 5 6 8 9 |  9.1
Shields        | 3 |  3.8
Armour         | |  1.7
Dodging        | |  1.7

Action                     |  1- 3 |  4- 6 |  7- 9 | 10-12 || total
---------------------------+-------+-------+-------+-------++-------
  Melee: Hand axe          |    63 |    14 |       |       ||    77
         Kick              |     9 |    31 |    69 |    60 ||   169
         Unarmed           |       |    96 |   218 |   214 ||   528
         Punch             |       |     1 |     9 |     2 ||    12
         Tailslap          |       |     9 |    37 |    36 ||    82
 Invoke: Berserk           |     1 |     2 |     2 |     4 ||     9
         Trog's Hand       |       |       |       |     3 ||     3
  Evoke: Wand              |       |       |     1 |       ||     1
    Use: Scroll            |       |     1 |       |       ||     1
         Potion            |       |       |       |     1 ||     1
   Stab: Sleeping          |     1 |       |       |       ||     1
 Armour: Animal skin       |    15 |       |       |       ||    15
         Ring mail         |    17 |    15 |       |       ||    32
         Chain mail        |       |    70 |    30 |       ||   100
         Scale mail        |       |       |    97 |   131 ||   228
  Dodge: Dodged            |    38 |    46 |    94 |    75 ||   253
  Block: Kite shield       |       |       |       |    26 ||    26
   Form: Beast             |     1 |       |       |       ||     1

Table legend: (Time is in decaauts)
 A = Elapsed time spent in this place.
 B = Non-inter-level travel time spent in this place.
 C = Inter-level travel time spent in this place.
 D = Time resting spent in this place.
 E = Time spent auto-exploring this place.
 F = Levels seen in this place.
 G = Mean time per level.
                   A        B        C        D        E       F      G
               +--------+--------+--------+--------+--------+-----+--------+
         Total |  10659 |  10398 |    261 |   1266 |   7643 |  12 |  888.2 |
       Dungeon |  10219 |   9958 |    261 |   1097 |   7457 |  10 | 1021.9 |
        Temple |      1 |      1 |      0 |      0 |      0 |   1 |    1.0 |
          Lair |    438 |    438 |      0 |    168 |    186 |   1 |  438.0 |
               +--------+--------+--------+--------+--------+-----+--------+

Top non-repeatable levels by time:
     D:9: 1831 daAuts
    D:10: 1064 daAuts
     D:4: 1011 daAuts
     D:8: 996 daAuts
     D:6: 995 daAuts
     D:5: 947 daAuts
     D:3: 926 daAuts
     D:1: 882 daAuts
     D:2: 798 daAuts
     D:7: 766 daAuts
  Lair:1: 438 daAuts
  Temple: 1 daAuts
